 Dungeon Crawl Stone Soup version 0.27-a0-1116-g91b3acb402 (webtiles) character file.

Game seed: 18024182781531261700

91 voltaire321 the Ducker (level 4, -1/35 HPs)
             Began as a Merfolk Gladiator on May 2, 2021.
             Slain by an orc priest
             ... wielding a +1 dagger of draining
              (2 damage)
             ... on level 3 of the Dungeon.
             The game lasted 00:04:44 (2569 turns).

voltaire321 the Ducker (Merfolk Gladiator)          Turns: 2569, Time: 00:04:44

Health: -1/35      AC:  8    Str: 14    XL:     4   Next: 59%
Magic:  4/4        EV: 12    Int:  7    God:
Gold:   72         SH:  0    Dex: 16    Spells: 3/3 levels left

rFire    . . .     SeeInvis .   a - +0 long sword
rCold    . . .     Faith    .   (no shield)
rNeg     . . .     Spirit   .   i - +0 ring mail
rPois    .         Reflect  .   c - +0 helmet
rElec    .         Harm     .   h - +0 cloak
rCorr    +         Rampage  .   (no gloves)
Will     .....                  n - +0 pair of boots
Stlth    +.........             (no amulet)
HPRegen  0.11/turn              g - ring of resist corrosion
MPRegen  0.09/turn              (no ring)

@: no status effects
A: (nimble swimmer 2), mertail
a: no special abilities


You were on level 3 of the Dungeon.
You visited 1 branch of the dungeon, and saw 3 of its levels.

You collected 72 gold pieces.

Inventory:

Hand Weapons
 a - a +0 long sword (weapon)
Missiles
 d - 3 throwing nets (quivered)
 f - 3 javelins
 l - 17 poisoned darts
Armour
 c - a +0 helmet (worn)
 h - a +0 cloak (worn)
 i - a +0 ring mail (worn)
 n - a +0 pair of boots (worn)
Jewellery
 g - a ring of resist corrosion (left hand)
Wands
 j - a wand of paralysis (9)
Scrolls
 k - a scroll of noise {unknown}
 m - a scroll of holy word
 o - a scroll of fog {unknown}


   Skills:
 + Level 3.1 Fighting
 + Level 4.0 Long Blades
 + Level 2.7 Throwing
 + Level 0.3 Armour
 + Level 4.8 Dodging


You had 3 spell levels left.
You didn't know any spells.
Your spell library contained the following spells:

 Spells                   Type           Power      Damage    Failure   Level
 Corona                   Hex            0%         N/A       67%         1
 Ensorcelled Hibernation  Hex/Ice        0%         N/A       82%         2
 Confusing Touch          Hex            0%         N/A       96%         3
 Dazzling Flash           Conj/Hex       0%         N/A       96%         3
 Tukima's Dance           Hex            0%         N/A       96%         3


Dungeon Overview and Level Annotations

Branches:
Dungeon (3/15)

Altars:


Innate Abilities, Weirdness & Mutations

((You are quick and stealthy near water. (Stealth+, EV+, Speed+++)))
Your lower body shifts to a powerful aquatic tail in water.


Message History

You hit the orc but do no damage.
The orc is severely wounded.
The orc hits you with a +0 short sword. The orc misses you.
The orc closely misses you.
You closely miss the orc.
The orc is severely wounded.
The orc closely misses you. The orc hits you with a +0 short sword.
* * * LOW HITPOINT WARNING * * *
It was a potion of magic.
Magic courses through your body. The orc closely misses you.
It was a potion of ambrosia.
You are confused.
You feel invigorated. The orc hits you with a +0 short sword.
* * * LOW HITPOINT WARNING * * *
The orc barely misses you.
You slash the orc!
You kill the orc!
The orc hits you from afar with a +0 trident.
You bump into the rock wall.
You feel less invigorated.
You feel less confused. The orc misses you.
The orc priest invokes the aid of Beogh against you.
Beogh smites you!
* * * LOW HITPOINT WARNING * * *
The orc hits you with a +0 trident.
* * * LOW HITPOINT WARNING * * *
Things that are here:
a +0 short sword; a +0 chain mail; an orc corpse You slash the orc!
You kill the orc!
The orc priest hits you but does no damage.
You feel drained.
Your life force feels restored.
You hit the orc priest.
The orc priest is lightly wounded.
The orc priest looks encouraged for a moment.
You closely miss the orc priest.
The orc priest is lightly wounded.
The orc priest hits you with a +1 dagger of draining.
You die...

#.#####.....#.##...
#........##.#.##..#
########..........#
###.##..#..# #.###.#..#
#.###.#... #.##.....#
###################.##.#)#.#
##.....)..oo@........##.#.#.#
#.....#################.#...#
#.....# ######.##..# #..o..#
#....#.##.>. #.....#
#.##.#.##### #.....# #.##.#.#
oo.....# #.##.#.### .J......#
###'##.....# ##....###
#........#.#


You could see an orc priest and an orc.

Vanquished Creatures
  4 adders
  A dart slug (D:3)
  4 orcs (D:3)
  5 ball pythons
  5 endoplasms
  2 goblins
  4 hobgoblins
  4 jackals
  2 quokkas (D:1)
  6 bats
  7 kobolds
  5 rats
49 creatures vanquished.

Notes
Turn   | Place    | Note
-------+----------+-------------------------------------------
     0 | D:1      | voltaire321 the Merfolk Gladiator began the quest for the
                  | Orb.
     0 | D:1      | Reached XP level 1. HP: 16/16 MP: 1/1
   101 | D:1      | Reached XP level 2. HP: 20/23 MP: 2/2
  1105 | D:2      | Reached XP level 3. HP: 16/28 MP: 3/3
  2020 | D:3      | Reached XP level 4. HP: 24/35 MP: 4/4
  2196 | D:3      | Found a faded altar of an unknown god.
  2566 | D:3      | HP: 1/35 [orc/+0 trident (2)]
  2569 | D:3      | Slain by an orc priest

Illustrated notes

Levels and vault maps discovered:
D:1:      evilmike_arrival_home_sweet_home, layout_loops_ring,
          corexii_item_surrounded_by_moat
D:2:      layout_basic
D:3:      layout_basic, basic_ecumenical_altar

Skill      XL: |  1  2  3  4 |
---------------+-------------+-----
Fighting       | 3 |  3.1
Long Blades    | 4 |  4.0
Throwing       | |  2.7
Armour         | |  0.3
Dodging        | |  4.8

Action                   |  1- 3 |  4- 6 || total
-------------------------+-------+-------++-------
Melee: Long sword        |    94 |    50 ||   144
  Use: Scroll            |     2 |       ||     2
       Potion            |       |     2 ||     2
 Stab: Sleeping          |     1 |       ||     1
Armor: Leather armour    |    16 |       ||    16
       Ring mail         |    42 |    19 ||    61
Dodge: Dodged            |   113 |    37 ||   150
       Rpst.: Long sword |    31 |     3 ||    34

Table legend: (Time is in decaauts)
 A = Elapsed time spent in this place.
 B = Non-inter-level travel time spent in this place.
 C = Inter-level travel time spent in this place.
 D = Time resting spent in this place.
 E = Time spent auto-exploring this place.
 F = Levels seen in this place.
 G = Mean time per level.
                   A        B        C        D        E       F      G
               +--------+--------+--------+--------+--------+-----+--------+
         Total |   2598 |   2515 |     83 |    379 |   1685 |   3 |  866.0 |
       Dungeon |   2598 |   2515 |     83 |    379 |   1685 |   3 |  866.0 |
               +--------+--------+--------+--------+--------+-----+--------+

Top non-repeatable levels by time:
     D:2: 1110 daAuts
     D:1: 896 daAuts
     D:3: 591 daAuts
